[ AOE2 MATCH · #508212773 ]
UnrankedMalians vs Vietnamese
Player's team · LOSS
[ REPLAY ANALYSIS · EXTRACTED FROM THE RECORDED GAME ]
Feudal
10:15
Castle
14:37
Imperial
29:08
| APM avg | 36.3 |
| APM peak | 87 |
| eAPM avg | 19.2 |
| Villagers / military | 95 / 122 |
Focus
⚔️ 29.0% · 🌾 71.0%
Skirmisher ×57 · Gbeto ×29 · Bombard Cannon ×12 · Knight ×11 · Scorpion ×7 · Monk ×3
Feudal
11:46
Castle
16:13
Imperial
28:26
| APM avg | 34.8 |
| APM peak | 106 |
| eAPM avg | 18.3 |
| Villagers / military | 93 / 101 |
Focus
⚔️ 30.5% · 🌾 69.5%
Archer ×60 · Scout Cavalry ×29 · Rattan Archer ×6 · Trebuchet (Packed) ×5 · Battering Ram ×1
Match map
Initial resources + every placement click. Lines = walls · curves = elevation contours. ◆ gold · ⬟ stone · ● berries · ✦ relic · ◌ wall gap
Your base· ✓ Closed at 14:37 · 0t walls · 3 gate(s)
Romanido's base· ✓ Closed at 16:13 · 0t walls · 2 gate(s)
Smoothed initial terrain · ◌ = detected wall gap · hover for details
Inputs per minute
— LMG_SON SABANDIJAS - - Romanido
Build order — LMG_SON SABANDIJAS
First 150 of 323 actions detected
| 0:01 | Queue | Villager (Male) |
| 0:01 | Queue | Villager (Male) |
| 0:04 | Build | House |
| 0:05 | Queue | Villager (Male) |
| 0:05 | Queue | Villager (Male) |
| 0:06 | Build | House |
| 1:27 | Queue | Villager (Male) |
| 1:27 | Queue | Villager (Male) |
| 1:27 | Queue | Villager (Male) |
| 1:45 | Build | Lumber Camp |
| 2:00 | Queue | Villager (Male) |
| 2:00 | Queue | Villager (Male) |
| 2:45 | Queue | Villager (Male) |
| 2:45 | Queue | Villager (Male) |
| 2:45 | Queue | Villager (Male) |
| 3:17 | Queue | Villager (Male) |
| 3:27 | Build | House |
| 3:48 | Build | House |
| 4:13 | Queue | Villager (Male) |
| 4:14 | Queue | Villager (Male) |
| 4:14 | Queue | Villager (Male) |
| 4:17 | Build | Mill |
| 4:28 | Build | House |
| 4:38 | Queue | Villager (Male) |
| 4:38 | Queue | Villager (Male) |
| 4:38 | Queue | Villager (Male) |
| 4:39 | Queue | Villager (Male) |
| 5:01 | Queue | Villager (Male) |
| 5:01 | Queue | Villager (Male) |
| 5:02 | Queue | Villager (Male) |
| 5:02 | Queue | Villager (Male) |
| 5:45 | Queue | Villager (Male) |
| 5:45 | Queue | Villager (Male) |
| 5:50 | Queue | Villager (Male) |
| 6:15 | Queue | Villager (Male) |
| 6:21 | Build | Farm |
| 6:49 | Build | Mining Camp |
| 7:04 | Queue | Villager (Male) |
| 7:16 | Build | Farm |
| 7:36 | Build | Farm |
| 7:42 | Build | Farm |
| 8:02 | Build | Farm |
| 8:05 | Research | Feudal Age |
| 10:02 | Queue | Villager (Male) |
| 10:03 | Queue | Villager (Male) |
| 10:03 | Queue | Villager (Male) |
| 10:15 | Age | Feudal Age |
| 10:20 | Build | Market |
| 10:22 | Build | Blacksmith |
| 11:22 | Queue | Villager (Male) |
| 11:41 | Build | Mining Camp |
| 11:57 | Research | Castle Age |
| 12:45 | Research | Loom |
| 13:31 | Research | Double-Bit Axe |
| 14:37 | Age | Castle Age |
| 14:54 | Build | Farm |
| 14:56 | Build | Farm |
| 14:57 | Build | Farm |
| 15:03 | Queue | Villager (Male) |
| 15:03 | Queue | Villager (Male) |
| 15:04 | Queue | Villager (Male) |
| 15:04 | Queue | Villager (Male) |
| 15:22 | Build | Castle |
| 15:27 | Queue | Villager (Male) |
| 15:29 | Build | Farm |
| 16:00 | Build | Farm |
| 16:00 | Build | Farm |
| 16:01 | Queue | Villager (Male) |
| 16:02 | Queue | Villager (Male) |
| 16:25 | Build | House |
| 16:46 | Build | Mining Camp |
| 16:49 | Queue | Gbeto |
| 16:50 | Queue | Gbeto |
| 16:50 | Queue | Gbeto |
| 17:19 | Queue | Villager (Male) |
| 17:31 | Queue | Gbeto |
| 17:31 | Queue | Gbeto |
| 17:31 | Queue | Gbeto |
| 17:32 | Queue | Gbeto |
| 17:37 | Queue | Villager (Male) |
| 17:37 | Queue | Villager (Male) |
| 17:42 | Queue | Villager (Male) |
| 18:01 | Queue | Gbeto |
| 18:02 | Queue | Gbeto |
| 18:20 | Queue | Villager (Male) |
| 18:35 | Queue | Villager (Male) |
| 18:35 | Queue | Villager (Male) |
| 18:39 | Build | Monastery |
| 18:53 | Build | Farm |
| 19:09 | Build | House |
| 19:16 | Queue | Gbeto |
| 19:26 | Build | House |
| 19:28 | Queue | Villager (Male) |
| 19:31 | Queue | Monk |
| 19:31 | Queue | Monk |
| 19:31 | Queue | Monk |
| 19:52 | Queue | Gbeto |
| 19:52 | Queue | Gbeto |
| 19:59 | Research | Forging |
| 20:01 | Queue | Villager (Male) |
| 20:01 | Queue | Villager (Male) |
| 20:03 | Build | Farm |
| 20:04 | Build | Farm |
| 20:04 | Build | Farm |
| 20:04 | Build | Farm |
| 20:05 | Queue | Villager (Male) |
| 20:17 | Queue | Villager (Male) |
| 20:17 | Queue | Villager (Male) |
| 20:19 | Build | Farm |
| 20:20 | Build | Farm |
| 20:23 | Build | House |
| 20:40 | Build | Farm |
| 20:44 | Build | Farm |
| 20:45 | Build | Farm |
| 20:45 | Build | Farm |
| 21:05 | Research | Horse Collar |
| 21:05 | Research | Horse Collar |
| 21:13 | Queue | Gbeto |
| 21:13 | Queue | Gbeto |
| 21:35 | Build | House |
| 21:48 | Research | Iron Casting |
| 21:55 | Build | Farm |
| 21:55 | Build | Farm |
| 21:55 | Build | Farm |
| 21:56 | Build | Farm |
| 22:06 | Queue | Villager (Male) |
| 22:06 | Queue | Villager (Male) |
| 22:46 | Build | Siege Workshop |
| 22:51 | Queue | Villager (Male) |
| 22:52 | Queue | Villager (Male) |
| 23:01 | Queue | Gbeto |
| 23:01 | Queue | Gbeto |
| 23:08 | Queue | Villager (Male) |
| 23:09 | Queue | Villager (Male) |
| 24:04 | Build | Mill |
| 24:06 | Build | Barracks |
| 24:11 | Queue | Villager (Male) |
| 24:14 | Build | Farm |
| 24:14 | Build | Farm |
| 24:15 | Queue | Villager (Male) |
| 24:15 | Queue | Villager (Male) |
| 24:17 | Build | Farm |
| 24:37 | Queue | Villager (Male) |
| 24:41 | Build | Farm |
| 24:42 | Build | Farm |
| 24:42 | Build | Farm |
| 24:42 | Build | Farm |
| 24:43 | Build | Farm |
| 24:43 | Queue | Villager (Male) |
| 25:02 | Queue | Scorpion |
Build order — Romanido
First 150 of 346 actions detected
| 0:00 | Queue | Villager (Male) |
| 0:01 | Queue | Villager (Male) |
| 0:01 | Queue | Villager (Male) |
| 0:02 | Build | House |
| 0:04 | Build | House |
| 0:17 | Queue | Villager (Male) |
| 0:17 | Queue | Villager (Male) |
| 1:22 | Research | Loom |
| 1:31 | Queue | Villager (Male) |
| 1:59 | Queue | Villager (Male) |
| 2:02 | Build | Lumber Camp |
| 2:37 | Queue | Villager (Male) |
| 2:37 | Queue | Villager (Male) |
| 2:46 | Queue | Villager (Male) |
| 2:47 | Queue | Villager (Male) |
| 2:58 | Build | House |
| 3:37 | Queue | Villager (Male) |
| 3:55 | Queue | Villager (Male) |
| 4:31 | Queue | Villager (Male) |
| 4:31 | Queue | Villager (Male) |
| 4:32 | Queue | Villager (Male) |
| 4:58 | Queue | Villager (Male) |
| 4:59 | Queue | Villager (Male) |
| 5:15 | Queue | Villager (Male) |
| 5:15 | Queue | Villager (Male) |
| 5:31 | Build | House |
| 5:34 | Build | House |
| 6:11 | Build | Mining Camp |
| 6:40 | Queue | Villager (Male) |
| 6:40 | Queue | Villager (Male) |
| 7:17 | Build | Lumber Camp |
| 7:20 | Queue | Villager (Male) |
| 7:20 | Queue | Villager (Male) |
| 7:55 | Queue | Villager (Male) |
| 8:02 | Queue | Villager (Male) |
| 8:47 | Build | Mill |
| 9:16 | Build | Mining Camp |
| 9:20 | Research | Feudal Age |
| 9:44 | Build | Farm |
| 9:54 | Build | Farm |
| 10:19 | Build | House |
| 10:23 | Build | Farm |
| 10:49 | Build | Farm |
| 11:22 | Build | Farm |
| 11:29 | Queue | Villager (Male) |
| 11:29 | Queue | Villager (Male) |
| 11:38 | Build | Farm |
| 11:46 | Age | Feudal Age |
| 11:50 | Build | Blacksmith |
| 11:54 | Build | Market |
| 12:26 | Queue | Villager (Male) |
| 13:33 | Research | Castle Age |
| 14:11 | Research | Double-Bit Axe |
| 14:32 | Research | Horse Collar |
| 14:41 | Build | House |
| 14:42 | Build | House |
| 14:43 | Build | House |
| 14:52 | Build | Farm |
| 14:56 | Build | Farm |
| 15:00 | Build | Barracks |
| 15:41 | Research | Town Watch |
| 15:45 | Build | House |
| 16:13 | Age | Castle Age |
| 16:18 | Build | Farm |
| 16:25 | Build | Stone Wall |
| 16:33 | Queue | Villager (Male) |
| 16:47 | Build | Castle |
| 16:50 | Queue | Villager (Male) |
| 16:55 | Build | University |
| 16:57 | Research | Fletching |
| 17:20 | Build | House |
| 17:22 | Build | House |
| 17:31 | Queue | Villager (Male) |
| 17:34 | Research | Wheelbarrow |
| 17:54 | Build | Lumber Camp |
| 18:11 | Build | Palisade Wall |
| 18:17 | Queue | Rattan Archer |
| 18:17 | Queue | Rattan Archer |
| 18:25 | Queue | Villager (Male) |
| 18:26 | Queue | Villager (Male) |
| 18:33 | Build | House |
| 18:42 | Build | House |
| 18:43 | Build | House |
| 18:45 | Build | House |
| 18:47 | Queue | Rattan Archer |
| 19:08 | Queue | Villager (Male) |
| 19:08 | Queue | Villager (Male) |
| 19:29 | Build | House |
| 19:38 | Build | House |
| 19:42 | Queue | Villager (Male) |
| 19:42 | Queue | Villager (Male) |
| 19:59 | Build | Archery Range |
| 20:01 | Queue | Villager (Male) |
| 20:03 | Build | Farm |
| 20:06 | Queue | Villager (Male) |
| 20:16 | Queue | Villager (Male) |
| 20:21 | Queue | Villager (Male) |
| 20:31 | Build | House |
| 20:50 | Queue | Villager (Male) |
| 21:03 | Build | Farm |
| 21:10 | Build | Farm |
| 21:15 | Queue | Villager (Male) |
| 21:31 | Build | Town Center |
| 21:37 | Build | Farm |
| 21:46 | Queue | Villager (Male) |
| 21:57 | Build | Farm |
| 22:08 | Build | Monastery |
| 22:39 | Build | Farm |
| 22:41 | Queue | Villager (Male) |
| 22:41 | Queue | Villager (Male) |
| 22:44 | Build | Farm |
| 22:45 | Build | Farm |
| 22:56 | Build | Farm |
| 23:23 | Build | Farm |
| 23:29 | Build | Farm |
| 23:45 | Build | House |
| 24:01 | Build | Farm |
| 24:03 | Queue | Villager (Male) |
| 24:05 | Queue | Villager (Male) |
| 24:08 | Build | Farm |
| 24:11 | Build | Farm |
| 24:20 | Build | Siege Workshop |
| 24:38 | Build | Stone Wall |
| 24:40 | Build | Gate |
| 24:48 | Build | Farm |
| 25:16 | Research | Imperial Age |
| 25:34 | Build | House |
| 25:48 | Queue | Villager (Male) |
| 25:49 | Queue | Villager (Male) |
| 25:54 | Research | Bodkin Arrow |
| 26:25 | Research | Padded Archer Armor |
| 26:43 | Research | Gold Mining |
| 26:46 | Research | Bow Saw |
| 27:07 | Research | Crossbowman (upgrade) |
| 27:14 | Build | Archery Range |
| 27:22 | Build | Town Center |
| 27:24 | Queue | Villager (Male) |
| 27:24 | Queue | Villager (Male) |
| 27:27 | Queue | Villager (Male) |
| 27:30 | Research | Ballistics |
| 27:30 | Research | Ballistics |
| 27:35 | Queue | Rattan Archer |
| 27:35 | Queue | Rattan Archer |
| 27:36 | Queue | Rattan Archer |
| 28:00 | Queue | Villager (Male) |
| 28:00 | Queue | Villager (Male) |
| 28:05 | Queue | Villager (Male) |
| 28:05 | Queue | Villager (Male) |
| 28:26 | Age | Imperial Age |
| 28:41 | Queue | Villager (Male) |
Match timeline
| 10:15 | LMG_SON SABANDIJAS · age_up feudal |
| 11:46 | Romanido · age_up feudal |
| 14:37 | LMG_SON SABANDIJAS · age_up castle |
| 15:00 | Romanido · first_building Barracks |
| 15:22 | LMG_SON SABANDIJAS · first_building Castle |
| 16:13 | Romanido · age_up castle |
| 16:25 | Romanido · wall_segment Stone Wall x8 |
| 16:47 | Romanido · first_building Castle |
| 18:11 | Romanido · wall_segment Palisade Wall x6 |
| 18:39 | LMG_SON SABANDIJAS · first_building Monastery |
| 18:59 | Romanido · first_market_sell 100 food |
| 19:02 | Romanido · first_market_buy 100 stone |
| 19:59 | Romanido · first_building Archery Range |
| 22:08 | Romanido · first_building Monastery |
| 22:46 | LMG_SON SABANDIJAS · first_building Siege Workshop |
| 24:06 | LMG_SON SABANDIJAS · first_building Barracks |
| 24:20 | Romanido · first_building Siege Workshop |
| 24:38 | Romanido · wall_segment Stone Wall x2 |
| 24:51 | LMG_SON SABANDIJAS · first_market_buy 100 food |
| 25:25 | LMG_SON SABANDIJAS · first_market_sell 100 stone |
| 28:26 | Romanido · age_up imperial |
| 29:08 | LMG_SON SABANDIJAS · age_up imperial |
| 33:23 | Romanido · first_building Stable |
| 35:14 | LMG_SON SABANDIJAS · first_building Archery Range |
| 36:44 | LMG_SON SABANDIJAS · first_building Stable |
| 43:06 | LMG_SON SABANDIJAS · resign |
[ AI ANALYSIS · 1 CREDIT ]
What really happened in this match?
Wolo.gg analyzes every decision: build order, eco, micro, common mistakes by bracket. Personalized analysis on WhatsApp or Discord in 30 seconds.
Civ guide
Malians
Perfil
Jugador #12010648